 Dungeon Crawl Stone Soup version 0.20-a0-370-gd6af2a4 (webtiles) character file.

6255 xodi the Basher (level 10, -8/91 HPs)
             Began as a Minotaur Fighter on Dec 28, 2016.
             Was a High Priest of Qazlal.
             Killed from afar by Psyche (16 damage)
             ... with a wand of acid (?/15)
             ... on level 9 of the Dungeon.
             The game lasted 00:18:38 (6435 turns).

xodi the Basher (Minotaur Fighter)                  Turns: 6435, Time: 00:18:38

Health: -8/91      AC:  6    Str: 22    XL:     10   Next: 62%
Magic:  13/13      EV: 10    Int:  7    God:    Qazlal [*****.]
Gold:   534        SH: 17    Dex: 10    Spells: 9/9 levels left

rFire  . . .     SeeInvis .     q - +2 mace (drain)
rCold  . . .     Gourm    .     b - +0 scale mail
rNeg   . . .     Faith    .     c - +0 shield
rPois  .         Spirit   .     (helmet restricted)
rElec  .         Reflect  .     N - +2 cloak
rCorr  .         Harm     .     (no gloves)
MR     .....                    (no boots)
Stlth  ..........               (no amulet)
                                J - ring of ice
                                y - ring of fire

@: corroded, very slightly contaminated, hasted, repel missiles, very quick
A: retaliatory headbutt, horns 2
a: Upheaval, Elemental Force, Disaster Area, Renounce Religion


You were on level 9 of the Dungeon.
You worshipped Qazlal.
Qazlal was extremely pleased with you.
You were not hungry.

You visited 1 branch of the dungeon, and saw 9 of its levels.
You also visited: Sewer.

You collected 534 gold pieces.

Inventory:

Hand Weapons
 a - a +0 flail
 q - a +2 mace of draining (weapon)
 v - a +0 flail of protection
Armour
 b - a +0 scale mail (worn)
 c - a +0 shield (worn)
 G - a +0 large shield
 N - a +2 cloak (worn)
Jewellery
 y - a ring of fire (left hand)
 A - an uncursed ring of teleportation
 J - a ring of ice (right hand)
Wands
 n - a wand of enslavement (20/24)
 p - a wand of random effects (30/48)
 B - a wand of lightning (5/15)
 I - a wand of random effects (37/48)
 L - a wand of acid (5/15)
 M - a wand of confusion (29/48)
 P - a wand of enslavement (10/24)
Scrolls
 h - 5 scrolls of identify
 i - 2 scrolls of remove curse
 j - a scroll of blinking {unknown}
 k - 5 scrolls of recharging {unknown}
 m - 4 scrolls of magic mapping {unknown}
 t - 6 scrolls of teleportation {unknown}
 u - 3 scrolls of fog {unknown}
 D - 2 scrolls of enchant armour {unknown}
Potions
 d - a potion of might
 e - 4 potions of brilliance
 g - 2 potions of curing
 l - 4 potions of haste
 r - a potion of resistance
 s - 2 potions of degeneration {unknown}
 x - 2 potions of magic {unknown}
 z - a potion of lignification {unknown}
 C - 2 potions of flight {unknown}
 F - a potion of agility {unknown}
 H - 2 potions of cure mutation {unknown}
Books
 O - a book of Misfortune

   Spells                             Type                      Level
   a - Confusing Touch                Hexes                        1
   b - Confuse                        Hexes                        3
   c - Gell's Gravitas                Hexes/Translocation          3
   d - Petrify                        Transmutation/Earth          4
   e - Metabolic Englaciation         Hexes/Ice                    5
   f - Yara's Violent Unravelling     Hexes/Transmutation          5
Comestibles
 f - 6 bread rations
 o - 21 fruits
 E - 5 meat rations
 K - 8 slices of pizza


   Skills:
 * Level 9.5 Fighting
 * Level 12.9 Maces & Flails
 - Level 6.0 Armour
 + Level 4.3 Dodging
 - Level 0.3 Stealth
 - Level 6.0 Shields
 * Level 5.8 Invocations


You had 9 spell levels left.
You didn't know any spells.

Dungeon Overview and Level Annotations

Branches:
Dungeon (9/15)             Temple (0/1) D:7
   Lair: D:8-11         Orc: D:9-12

Altars:
Ashenzari
Dithmenos
Elyvilon
Fedhas
Gozag
Kikubaaqudgha
Okawaru
Qazlal
Uskayaw
Xom
Yredelemnul
The Shining One

Shops:
D:5 !

Annotations:
D:9 Prince Ribbit, Psyche


Innate Abilities, Weirdness & Mutations

You reflexively headbutt those who attack you in melee.
You have a pair of horns on your head.


Message History

The ogre is heavily wounded.
You hear a shout!
You hit the ogre. You drain the ogre! You headbutt the ogre.
You kill the ogre!
Qazlal accepts your kill. You block Psyche's attack.
You barely miss Psyche. Your headbutt misses Psyche. You block Psyche's attack.
You closely miss Psyche. Your headbutt misses Psyche.
You hear a shout!
You block Psyche's attack.
You barely miss Psyche.
Psyche points at you and mumbles some strange words.
The magic dart hits you!
* * * LOW HITPOINT WARNING * * *
An ogre comes into view. It is wielding a giant club.
You hit Psyche but do no damage. You drain Psyche!
Psyche is lightly wounded.
Psyche casts a cantrip, but nothing happens.
Psyche zaps a wand.
The bolt of acid hits you!
You die...

...............#
###....#
...............# ######
..............$#
...............#
...............#
.........O.....#########
..............§§..§.....
...............@..§.....
..............S§@.§...#
..#################...#
.#


You could see Psyche, an ogre and an adder.

Vanquished Creatures
  A hydra (D:8)
  Pikel (D:9)
  Joseph (D:8)
  2 dream sheep (D:8)
  A hippogriff (D:9)
  Sigmund (D:3)
  7 yaks
  A hungry ghost (D:7)
  A water moccasin (D:9)
  A sky beast (D:4)
  3 slaves (D:9)
  An orc warrior (D:6)
  3 centaurs
  2 ogres
  7 big kobolds
  7 bullfrogs
  3 howler monkeys
  4 crimson imps
  A bullfrog zombie (D:9)
  A jelly (D:7)
  2 orc priests
  A centaur skeleton (D:5)
  8 orc wizards
  An iguana (D:6)
  7 worker ants
  A killer bee zombie (D:7)
  A worker ant zombie (D:5)
  15 adders
  10 gnolls
  6 river rats (Sewer)
  3 shadow imps
  3 oozes
  An adder skeleton (D:5)
  4 worms
  2 leopard geckos (D:1)
  23 orcs
  15 ball pythons
  4 giant cockroaches
  37 goblins
  32 hobgoblins
  7 jackals
  6 quokkas
  7 bats
  12 frilled lizards
  A giant cockroach zombie (D:5)
  12 kobolds
  A leopard gecko zombie (D:6)
  2 quokka skeletons
  26 rats
299 creatures vanquished.

Vanquished Creatures (collateral kills)
  An orc warrior (D:7)
  An orc (D:7)
2 creatures vanquished.

Vanquished Creatures (others)
  A slave (D:9)
  A kobold (D:9)
  2 plants (D:8)
4 creatures vanquished.

Grand Total: 305 creatures vanquished

Notes
Turn   | Place    | Note
-------+----------+-------------------------------------------
     0 | D:1      | xodi the Minotaur Fighter began the quest for the Orb.
     0 | D:1      | Reached XP level 1. HP: 19/19 MP: 0/0
   100 | D:1      | Reached XP level 2. HP: 24/27 MP: 1/1
   453 | D:1      | Reached XP level 3. HP: 20/33 MP: 2/2
   716 | D:2      | Found a basalt altar of Yredelemnul.
   832 | D:2      | Reached skill level 3 in Maces & Flails
   838 | D:2      | Reached XP level 4. HP: 37/41 MP: 3/3
   843 | D:2      | Found a blossoming altar of Fedhas.
   869 | D:2      | Found a stormy altar of Qazlal.
   887 | D:2      | Became a worshipper of Qazlal Stormbringer
   933 | D:2      | Found a shimmering altar of Xom.
   935 | D:2      | Found a snail-covered altar of Cheibriados.
   935 | D:2      | Found an iron altar of Okawaru.
   937 | D:2      | Found a white marble altar of Elyvilon.
   937 | D:2      | Found an opulent altar of Gozag.
   937 | D:2      | Found a stormy altar of Qazlal.
   959 | D:2      | Found an opulent altar of Gozag.
  1192 | D:2      | Reached skill level 4 in Maces & Flails
  1624 | D:3      | Reached XP level 5. HP: 47/47 MP: 4/4
  1699 | D:3      | Found a glowing drain.
  1713 | D:3      | Reached * piety under Qazlal
  1731 | Sewer    | Entered a sewer
  1911 | Sewer    | Reached skill level 5 in Maces & Flails
  1931 | Sewer    | Reached ** piety under Qazlal
  1976 | Sewer    | Reached skill level 5 in Fighting
  1976 | Sewer    | Reached XP level 6. HP: 46/56 MP: 5/5
  2031 | Sewer    | Reached skill level 1 in Dodging
  2192 | D:3      | Noticed Sigmund
  2220 | D:3      | Killed Sigmund
  2220 | D:3      | Reached skill level 6 in Maces & Flails
  2220 | D:3      | Reached skill level 5 in Armour
  2220 | D:3      | Reached skill level 1 in Invocations
  2220 | D:3      | Reached XP level 7. HP: 53/62 MP: 6/6
  2743 | D:4      | Reached skill level 5 in Shields
  2938 | D:4      | Reached *** piety under Qazlal
  3123 | D:5      | Entered Level 5 of the Dungeon
  3262 | D:5      | Reached skill level 7 in Maces & Flails
  3300 | D:5      | Found an ancient bone altar of Kikubaaqudgha.
  3393 | D:5      | Reached XP level 8. HP: 69/71 MP: 8/8
  3643 | D:5      | Reached **** piety under Qazlal
  3981 | D:5      | Found Temu's Distillery.
  4448 | D:6      | Found a basalt altar of Yredelemnul.
  4453 | D:6      | Reached skill level 8 in Maces & Flails
  4718 | D:6      | Found a glowing golden altar of the Shining One.
  4719 | D:6      | Found a shadowy altar of Dithmenos.
  5017 | D:7      | Reached skill level 9 in Maces & Flails
  5026 | D:6      | Reached XP level 9. HP: 40/79 MP: 10/10
  5353 | D:7      | Found a staircase to the Ecumenical Temple.
  5645 | D:8      | Reached skill level 10 in Maces & Flails
  5646 | D:8      | Reached ***** piety under Qazlal
  5828 | D:8      | Noticed Joseph
  5843 | D:8      | Killed Joseph
  5846 | D:8      | Found a shattered altar of Ashenzari.
  5988 | D:8      | Found a hide-covered altar of Uskayaw.
  6041 | D:8      | Found a blossoming altar of Fedhas.
  6077 | D:8      | Found a shadowy altar of Dithmenos.
  6158 | D:8      | Noticed a three-headed hydra
  6166 | D:8      | Reached skill level 11 in Maces & Flails
  6174 | D:8      | Reached skill level 5 in Invocations
  6182 | D:8      | Killed a three-headed hydra
  6182 | D:8      | Reached XP level 10. HP: 42/90 MP: 12/12
  6201 | D:8      | Reached skill level 12 in Maces & Flails
  6271 | D:9      | Found a basalt altar of Yredelemnul.
  6281 | D:9      | Noticed Pikel
  6326 | D:9      | Killed Pikel
  6395 | D:9      | Noticed Prince Ribbit
  6416 | D:9      | Noticed Psyche
  6435 | D:9      | Killed from afar by Psyche

Vault maps used:
D:1:      moated_graveyard_arrival
D:2:      grunt_temple_overflow_forces_of_nature, nicolae_gozag_seed_capital,
          overflow_temple_1_default, st_stairs_3, doesnt_xom_only_xom
D:3:      minmay_door_path, portal_sewer_entry_a, uniq_sigmund
D:4:      first_bread
D:5:      minmay_goblin_kobold_castle, lemuel_doored_altar, serial_shops, shop
D:6:      kennysheep_mini_moat, basic_altar, minmay_statues_item,
          yredelemnul_altar_generic
D:8:      marbit_many_paths, kennysheep_mini, nicolae_overflow_hidden_temple,
          basic_altar, hangedman_ranch, serial_park_tiny_1, uniq_joseph
D:9:      minmay_item_behind_shaft, hangedman_weighted_door,
          david_defended_altar_elf, uniq_psyche, uniq_pikel, uniq_prince_ribbit1
Sewer:    sewer_minmay_w

Skill      XL: |  1  2  3  4  5  6  7  8  9 10 |
---------------+-------------------------------+-----
Fighting       | 4 5 6 7 8 9 |  9.5
Shields        | 4 5 6 |  6.0
Armour         | 4 5 6 |  6.0
Maces & Flails | 3 4 5 6 7 9 11 12 | 12.9
Dodging        | 1 2 3 4 |  4.3
Invocations    | 1 2 3 5 |  5.8
Stealth        | |  0.3

Action                   |  1- 3 |  4- 6 |  7- 9 | 10-12 || total
-------------------------+-------+-------+-------+-------++-------
Melee: Flail             |    83 |    14 |       |       ||    97
       Headbutt          |    14 |    16 |    59 |    13 ||   102
       Mace              |       |   160 |   366 |    84 ||   610
Invok: Elemental Force   |       |       |     1 |       ||     1
  Use: Potion            |       |     6 |       |     3 ||     9
       Scroll            |       |       |     2 |       ||     2
  Eat: Chunk             |       |     5 |    11 |     3 ||    19
Armor: Scale mail        |    45 |    61 |   103 |    20 ||   229
Dodge: Dodged            |    36 |    51 |    65 |    18 ||   170
       Deflected         |       |       |     2 |     2 ||     4
Block: Shield            |    45 |   118 |   231 |    52 ||   446
